 Dungeon Crawl Stone Soup version 0.32-a0-607-g64ea0e4219 (webtiles) character file.

Game seed: 1866293978962840937

9697 ezpacito the Fighter (level 11, 0/87 HPs)
             Began as a Coglin Chaos Knight on Mar 4, 2024.
             Was a Plaything of Xom.
             Slain by a cyan ugly thing (12 damage)
             ... on level 11 of the Dungeon.
             The game lasted 00:20:03 (10222 turns).

ezpacito the Fighter (Coglin Chaos Knight)         Turns: 10222, Time: 00:20:04

Health: 0/87       AC: 15    Str: 16    XL:     11   Next: 50%
Magic:  13/13      EV: 12    Int: 13    God:    Xom [..*...]
Gold:   484        SH:  0    Dex:  9    Spells: 1/13 levels left

rFire   x . .        s - +11 Singing Sword {sonic wave}
rCold   x . .        a - +0 hand axe (chaos) {Mai}
rNeg    + . .        o - +3 ring mail of Peoven {Harm rN+}
rPois   .            e - +2 hat
rElec   .            (no cloak)
rCorr   .            n - +0 pair of gloves
SInv    .            H - +0 pair of boots
Will    .....        (amulet unavailable)
Stlth   +            (ring unavailable)
HPRegen 0.34/turn    (ring unavailable)
MPRegen 0.13/turn    (no gizmo)

%: random rage (3%), harm (+30% outgoing, +20% incoming)
@: studying Maces & Flails, revved
A: off-hand wielding, slow wielding, warmup strikes, no jewellery, iridescent
scales 1, berserk 1, clumsy 2, mutation resistance 1, cold vulnerability 1, heat
vulnerability 1, subdued magic 1
a: Invent Gizmo, Renounce Religion


You were on level 11 of the Dungeon.
You worshipped Xom.
You were a toy of Xom.
You visited 2 branches of the dungeon, and saw 12 of its levels.
You also visited: Ossuary.

You collected 818 gold pieces.
You spent 334 gold pieces at shops.

Inventory:

Hand Weapons
 a - a +0 hand axe of chaos (offhand) {Mai}
 s - the +11 Singing Sword (weapon) {sonic wave}
   (You found it on level 4 of the Dungeon)
Missiles
 w - 32 poisoned darts
 y - 5 boomerangs
 J - 6 javelins
Armour
 e - a +2 hat (worn)
 f - a +0 plate armour
 n - a +0 pair of gloves (worn)
 o - the +3 ring mail of Peoven (worn) {Harm rN+}
   (You found it on level 3 of the Dungeon)

   rN+:       It protects you from negative energy.
   Harm:      It increases damage dealt and taken.
 H - a +0 pair of boots (worn)
Magical Staves
 m - a staff of air
Talismans
 b - a storm talisman
Wands
 k - a wand of flame (14)
 p - a wand of roots (26)
 r - a wand of polymorph (2)
 F - a wand of paralysis (1)
Scrolls
 c - 5 scrolls of immolation
 g - a scroll of fear
 t - 4 scrolls of teleportation
 z - 4 scrolls of vulnerability
 A - 5 scrolls of enchant armour
 B - a scroll of blinking
 E - 2 scrolls of brand weapon
 G - 2 scrolls of noise
 L - a scroll of torment
Potions
 d - a potion of might
 h - a potion of haste
 j - 2 potions of cancellation
 l - 3 potions of heal wounds
 q - 7 potions of curing
 u - a potion of enlightenment
 v - 4 potions of lignification
 x - a potion of magic
 C - 3 potions of attraction
 D - a potion of ambrosia
 I - a potion of brilliance


   Skills:
 * Level 8.9 Fighting
 * Level 7.4 Long Blades
 + Level 7.2(7.4) Axes
 - Level 1.0(4.2) Maces & Flails
 - Level 2.1(4.6) Polearms
 + Level 6.2 Armour
 + Level 5.8 Dodging
 - Level 1.7 Stealth
 - Level 1.7 Spellcasting
 + Level 3.4 Alchemy
 + Level 7.5 Evocations


You had one spell level left.
You knew the following spells:

 Your Spells              Type           Power      Damage    Failure   Level
a - Foxfire               Conj/Fire      0%         2x1d4     36%         1
b - Starburst             Conj/Fire      0%         6d3       100%        6
c - Cigotuvi's Dreadful   Necr/Alch/Air  6%         N/A       34%         2
w - Passwall              Erth           0%         N/A       77%         3

Your spell library contained the following spells:

 Spells                   Type           Power      Damage    Failure   Level
 Sting                    Conj/Alch      16%        1d4       19%         1
 Freeze                   Ice            0%         1d3       36%         1
 Sandblast                Erth           0%         2d4       36%         1
 Mercury Vapours          Alch/Air       8%         N/A       28%         2
 Ensorcelled Hibernation  Hex/Ice        0%         N/A       52%         2
 Olgreb's Toxic Radiance  Alch           7%         N/A       69%         4
 Dazzling Flash           Conj/Hex       0%         N/A       77%         3
 Frozen Ramparts          Ice            0%         1d1       77%         3
 Fugue of the Fallen      Necr           0%         N/A       77%         3
 Hailstorm                Conj/Ice       0%         3d5       77%         3
 Inner Flame              Hex/Fire       0%         N/A       77%         3
 Stone Arrow              Conj/Erth      0%         3d7       77%         3
 Volatile Blastmotes      Fire/Tloc      0%         2d10      77%         3
 Ignite Poison            Fire/Alch      4%         N/A       89%         4
 Sticky Flame             Fire/Alch      4%         2d4       89%         4
 Anguish                  Hex/Necr       0%         N/A       99%         4
 Brom's Barrelling Bould  Conj/Erth      0%         2d3       99%         4
 Flame Wave               Conj/Fire      0%         2d4       99%         4
 Freezing Cloud           Conj/Ice/Air   0%         6-21      100%        5
 Plasma Beam              Fire/Air       0%         2x1d10    100%        6
 Sculpt Simulacrum        Ice/Alch       2%         N/A       100%        6
 Ozocubu's Refrigeration  Ice            0%         4d7       100%        7
 Maxwell's Capacitive Co  Air            0%         ∞         100%        8
 Polar Vortex             Ice            0%         N/A       100%        9


Dungeon Overview and Level Annotations

Branches:
Dungeon (11/15)            Temple (1/1) D:4            Lair (0/5) D:11
    Orc (0/2) D:10        Ossuary (visited)

Altars:
Ashenzari
Cheibriados
Dithmenos
Elyvilon
Fedhas
Gozag
Hepliaklqana
Kikubaaqudgha
Makhleb
Nemelex Xobeh
Okawaru
Qazlal
Ru
Sif Muna
Trog
Uskayaw
Vehumet
Wu Jian
Xom
Yredelemnul
Zin
The Shining One
Beogh

Shops:
D:2 ?   D:5 !:   D:6 ?

Annotations:
D:9 3 runed translucent doors, ezpacito's ghost, novice CoCK


Innate Abilities, Weirdness & Mutations

You can wield a second weapon in your off-hand.
It takes a long time for you to wield or remove held weapons.
Your first few attacks do less damage.
You cannot equip rings or amulets.
You are partially covered in iridescent scales. (AC +2)
You sometimes lose your temper in combat.
You are very clumsy. (Dex -4)
You are somewhat resistant to further mutation.
You are vulnerable to cold. (rC-)
You are vulnerable to heat. (rF-)
Your spells are a little easier to cast, but a little less powerful.


Message History

You send a blast of sound all around you.
You kill the two-headed ogre!
You start resting.
Xom twists space around you.
Your surroundings suddenly seem different.
You regained 10 hp, and now have 76/87 hp.
Unknown command.
In 3 experience levels, you will have learned enough to assemble a masterpiece.
HP restored.
v - 4 potions of lignification (gained 1)
A cyan ugly thing comes into view.
Health restored: 87 The cyan ugly thing gurgles horribly!
You slash the cyan ugly thing with the +11 Singing Sword!
The cyan ugly thing is moderately wounded.
You slash the cyan ugly thing with your +0 hand axe of chaos!
The cyan ugly thing is poisoned.
The cyan ugly thing pecks you! The cyan ugly thing shocks you!
You take 28 damage, and have 59/87 hp.
MASSIVE DAMAGE!!
You hit the cyan ugly thing but do no damage.
The cyan ugly thing is heavily wounded.
You slash the cyan ugly thing with the +11 Singing Sword!
The cyan ugly thing pecks you! The cyan ugly thing shocks you!
You take 27 damage, and have 32/87 hp.
MASSIVE DAMAGE!!
You barely miss the cyan ugly thing with the +11 Singing Sword.
The cyan ugly thing is severely wounded.
You hit the cyan ugly thing with your +0 hand axe of chaos.
The cyan ugly thing looks as sick as possible!
Xom's power flows through you! The cyan ugly thing pecks you.
The cyan ugly thing shocks you!
* * * LOW HITPOINT WARNING * * *
You take 21 damage, and have 11/87 hp.
MASSIVE DAMAGE!!
Okay, then.
The cyan ugly thing attacks as it pursues you!
The cyan ugly thing pecks you but does no damage.
Okay, then.
The cyan ugly thing attacks as it pursues you!
The cyan ugly thing pecks you!
You die... "It's all fun and games until someone loses an eye."

.....#...# ...
#......#...###.#
#..............###
#.................
..........[...#
..... ... #...# .
..#. #.# #...# ..
... ####.####u..#
# #.#..#
#.......@####
#.#.....
#.##.#.#.#
#.......
##.##.#.#.#
#.....#.
#.......#.#
#.....#≈
#..##.#.#.#
.#...#.#.
#..#......#
.........
#.......###
#..#.... #.).....#
#......# ####.####
#.....[.


You could see a cyan ugly thing (extremely poisoned, ally target) and a friendly
animated ring mail (summoned).

Vanquished Creatures
  2 two-headed ogres
  Pikel (D:8)
  3 oklob plants (D:11)
  A komodo dragon (D:9)
  A troll (D:10)
  A spriggan (D:8)
  4 yaks (D:10)
  A shadow (D:10)
  The ghost of Vadun the Trooper, an amateur MiBe of Trog (D:5)
  A wyvern (D:8)
  A vampire (D:10)
  3 humans
  2 steam dragons
  Menkaure (D:7)
  2 acid dragons
  6 orc warriors
  2 ice beasts
  2 sky beasts (D:6)
  The ghost of ragingrage the Shooter, an amateur CoHu of Gozag (D:3)
  A centaur (D:8)
  A lemure (D:8)
  2 phantoms (D:5)
  2 kobold brigands
  A bullfrog (D:9)
  10 scorpions
  5 wights (D:8)
  8 killer bees
  2 bombardier beetles
  A centaur zombie (Ossuary)
  3 quasits (D:8)
  4 hounds
  A human zombie (Ossuary)
  3 jellies
  10 orc priests
  A sleepcap (D:6)
  9 orc wizards
  6 scorpion zombies (Ossuary)
  3 iguanas
  3 mummies (Ossuary)
  A gnoll (D:3)
  6 adders
  6 shadow imps
  10 white imps
  8 ufetubi (D:8)
  An adder zombie (Ossuary)
  A dart slug (D:1)
  A ribbon worm (D:4)
  51 orcs
  7 ball pythons
  10 endoplasms
  5 giant cockroaches
  2 gnoll zombies (Ossuary)
  7 hobgoblins
  12 jackals
  6 quokkas
  A ball python zombie (Ossuary)
  9 bats
  A frilled lizard (D:3)
  A giant cockroach simulacrum (D:3)
  5 goblins
  2 goblin zombies (D:6)
  2 jackal simulacra (D:3)
  3 jackal zombies (Ossuary)
  17 kobolds
  2 orc zombies (Ossuary)
  A quokka simulacrum (D:3)
  11 rats
  A butterfly (D:3)
302 creatures vanquished.

Vanquished Creatures (collateral kills)
  2 gnolls (D:3)
  An orc (D:3)
  A ball python (D:4)
4 creatures vanquished.

Vanquished Creatures (others)
  An orc warrior (D:9)
  An orc (D:9)
2 creatures vanquished.

Grand Total: 308 creatures vanquished

Notes
Turn   | Place    | Note
-------+----------+-------------------------------------------
     0 | D:1      | ezpacito the Coglin Chaos Knight began the quest for the
                  | Orb.
     0 | D:1      | Reached XP level 1. HP: 18/18 MP: 1/1
    53 | D:1      | Reached skill level 1 in Dodging
    55 | D:1      | Reached XP level 2. HP: 14/24 MP: 2/2
   126 | D:1      | XOM: silly message
   262 | D:1      | XOM: noise
   291 | D:1      | Reached XP level 3. HP: 29/29 MP: 3/3
   534 | D:1      | XOM: stat loss: -1 Int (10/11)
   585 | D:1      | a giant cockroach changed into a human
   585 | D:1      | Noticed a human
   585 | D:1      | XOM: polymorph giant cockroach -> human
   601 | D:1      | Killed a human
   602 | D:1      | Reached skill level 1 in Polearms
   602 | D:1      | Reached skill level 1 in Stealth
   602 | D:1      | Reached skill level 1 in Spellcasting
   602 | D:1      | Reached XP level 4. HP: 28/36 MP: 3/5
   602 | D:1      | Reached XP level 5. HP: 32/41 MP: 3/6
   669 | D:1      | XOM: divination: detect items
   754 | D:1      | Killed a human
   764 | D:1      | XOM: silly message
   766 | D:1      | XOM: silly message
  1022 | D:2      | Found Uwecu's Magic Scroll Emporium.
  1048 | D:2      | Bought a scroll of identify for 22 gold pieces
  1048 | D:2      | Bought a scroll of immolation for 44 gold pieces
  1344 | D:2      | Found a faded altar of an unknown god.
  1393 | D:2      | XOM: silly message
  1397 | D:2      | XOM: silly message
  1703 | D:3      | Found a runed translucent gate.
  1704 | D:3      | Found a runed translucent gate.
  1715 | D:3      | XOM: smoke on damage
  1719 | D:3      | XOM: summons 5 friendly demons
  1726 | D:3      | Reached XP level 6. HP: 16/48 MP: 7/7
  1728 | D:3      | Found a runed translucent gate.
  1753 | D:3      | Found a glowing silver altar of Zin.
  1834 | D:2      | XOM: god gift: plate armour {god gift}
  1854 | D:2      | XOM: scenery: 1 doors close
  1942 | D:3      | XOM: god gift: staff of air
  1961 | D:3      | XOM: scenery: create altars
  1982 | D:3      | XOM: 6-stop teleportation journey
  2223 | D:3      | Found a transporter.
  2226 | D:3      | Found a white marble altar of Elyvilon.
  2226 | D:3      | Found a transporter.
  2415 | D:3      | Identified the +3 ring mail of Peoven {Harm rN+}
  2594 | D:3      | XOM: noise
  2595 | D:3      | Noticed ragingrage's ghost (amateur CoHu)
  2599 | D:3      | XOM: god gift: 39 gold pieces
  2671 | D:3      | XOM: enchant monster (good)
  2680 | D:3      | Killed ragingrage's ghost
  2681 | D:3      | Reached skill level 4 in Fighting
  2681 | D:3      | Reached skill level 1 in Evocations
  2742 | D:3      | XOM: give mutation
  2742 | D:3      | Gained mutation: You are somewhat resistant to further
                  | mutation. [Xom's grace]
  2837 | D:4      | Reached XP level 7. HP: 54/54 MP: 9/9
  2880 | D:4      | XOM: 1-stop teleportation journey
  3016 | D:4      | XOM: fake destruction
  3495 | D:4      | Identified the +2 robe "Ommo Huph" {Rampage Will+}
  3804 | D:4      | XOM: polymorph scorpion -> rat
  3881 | D:4      | Reached skill level 1 in Maces & Flails
  3906 | D:4      | XOM: give mutations
  3906 | D:4      | Gained mutation: You are agile. (Dex +4, Str/Int -1) [Xom's
                  | grace]
  3906 | D:4      | Gained mutation: You have a somewhat thin skeletal
                  | structure. (Dex +2, Stealth+) [Xom's grace]
  3906 | D:4      | Gained mutation: You are somewhat resistant to both further
                  | mutation and mutation removal. [Xom's grace]
  3906 | D:4      | Gained mutation: You expend magic power (3 MP) to
                  | strengthen your wands. [Xom's grace]
  3951 | D:4      | Found the +11 Singing Sword {sonic wave}
  4036 | D:4      | Reached XP level 8. HP: 58/61 MP: 10/10
  4040 | D:4      | XOM: stat loss: -1 Dex (18/19)
  4071 | D:4      | Found a staircase to the Ecumenical Temple.
  4083 | Temple   | Entered the Ecumenical Temple
  4293 | D:5      | Entered Level 5 of the Dungeon
  4417 | D:5      | Reached skill level 1 in Long Blades
  4431 | D:5      | Found Vufinyeh's Distillery.
  4440 | D:5      | Bought a potion of magic for 80 gold pieces
  4440 | D:5      | Bought a potion of curing for 30 gold pieces
  4440 | D:5      | Bought 2 potions of might for 80 gold pieces
  4463 | D:5      | Learned a level 1 spell: Foxfire
  4467 | D:5      | Learned a level 3 spell: Passwall
  4474 | D:5      | Learned a level 6 spell: Starburst
  4503 | D:5      | Found a runed translucent gate.
  4503 | D:5      | Found a runed translucent gate.
  4503 | D:5      | Found a runed translucent gate.
  4503 | D:5      | Noticed Vadun's ghost (amateur MiBe)
  4691 | D:5      | Reached skill level 5 in Fighting
  4828 | D:5      | Found Giqiwe's Vocational Training.
  4968 | D:5      | XOM: summons 5 hostile demons
  5017 | D:5      | Killed Vadun's ghost
  5018 | D:5      | Reached skill level 5 in Axes
  5121 | D:6      | Found a stormy altar of Qazlal.
  5219 | D:6      | XOM: polymorph centaur -> human
  5224 | D:6      | Reached XP level 9. HP: 69/69 MP: 11/11
  5494 | D:6      | Reached skill level 6 in Fighting
  5517 | D:6      | Found a sand-covered staircase.
  5539 | Ossuary  | Entered an ossuary
  5761 | Ossuary  | Reached skill level 5 in Evocations
  5890 | D:6      | XOM: give mutations
  5890 | D:6      | Lost mutation: You are agile. (Dex +4, Str/Int -1) [Xom's
                  | mischief]
  5890 | D:6      | Gained mutation: You are vulnerable to cold. (rC-) [Xom's
                  | mischief]
  5890 | D:6      | Gained mutation: You are clumsy. (Dex -2) [Xom's mischief]
  5890 | D:6      | Gained mutation: Your spells are a little easier to cast,
                  | but a little less powerful. [Xom's mischief]
  6156 | D:6      | XOM: give mutations
  6156 | D:6      | Lost mutation: You expend magic power (3 MP) to strengthen
                  | your wands. [Xom's mischief]
  6156 | D:6      | Gained mutation: You are very clumsy. (Dex -4) [Xom's
                  | mischief]
  6156 | D:6      | Gained mutation: You are vulnerable to heat. (rF-) [Xom's
                  | mischief]
  6156 | D:6      | Gained mutation: You sometimes lose your temper in combat.
                  | [Xom's mischief]
  6236 | D:6      | Found Foratan's Magic Scroll Shoppe.
  6245 | D:6      | Bought a scroll of identify for 26 gold pieces
  6245 | D:6      | Bought a scroll of identify for 26 gold pieces
  6245 | D:6      | Bought a scroll of identify for 26 gold pieces
  6262 | D:6      | XOM: summons 3 hostile shadow creatures
  6452 | D:6      | XOM: torment (33/69 hp)
  6611 | D:6      | XOM: summons 4 hostile demons
  6612 | D:6      | Noticed a rust devil
  6649 | D:6      | XOM: summons 2 hostile shadow creatures
  6810 | D:7      | XOM: smoke on damage
  6941 | D:7      | XOM: cloud trail
  7015 | D:7      | Noticed Menkaure
  7018 | D:7      | XOM: divination: detect items
  7020 | D:7      | Killed Menkaure
  7021 | D:7      | Reached skill level 5 in Armour
  7090 | D:7      | Reached skill level 5 in Long Blades
  7210 | D:7      | Reached skill level 7 in Fighting
  7210 | D:7      | Reached XP level 10. HP: 27/79 MP: 12/12
  7787 | D:8      | XOM: 1-stop teleportation journey
  7859 | D:8      | XOM: cloud trail
  7908 | D:8      | Found an iron altar of Okawaru.
  7956 | D:8      | XOM: divination: magic mapping
  8053 | D:8      | XOM: cloud trail
  8130 | D:8      | Learned a level 2 spell: Cigotuvi's Dreadful Rot
  8235 | D:8      | XOM: 6-stop teleportation journey
  8247 | D:8      | XOM: cast spell 'Summon Small Mammal'
  8248 | D:8      | Noticed Pikel
  8251 | D:8      | XOM: torment (34/79 hp)
  8252 | D:8      | Reached skill level 5 in Dodging
  8257 | D:8      | Killed Pikel
  8258 | D:8      | Reached skill level 1 in Alchemy
  8394 | D:8      | Found a sacrificial altar of Ru.
  8592 | D:8      | XOM: stat loss: -1 Dex (10/11)
  8684 | D:9      | XOM: 2-stop teleportation journey
  8831 | D:9      | Found a shimmering blue altar of Sif Muna.
  8843 | D:9      | Found a shadowy altar of Dithmenos.
  8843 | D:9      | Found a hazy altar of Hepliaklqana.
  8843 | D:9      | XOM: give mutations
  8843 | D:9      | Lost mutation: You are somewhat resistant to both further
                  | mutation and mutation removal. [Xom's mischief]
  8843 | D:9      | Gained mutation: You are partially covered in iridescent
                  | scales. (AC +2) [Xom's mischief]
  8889 | D:9      | Found a shimmering altar of Xom.
  8966 | D:9      | XOM: 2-stop teleportation journey
  8968 | D:9      | XOM: divine lightning
  9025 | D:9      | Reached skill level 8 in Fighting
  9081 | D:9      | Found a runed translucent gate.
  9082 | D:9      | Found a runed translucent gate.
  9083 | D:9      | Found a runed translucent gate.
  9083 | D:9      | Noticed ezpacito's ghost (novice CoCK)
  9279 | D:9      | Found a roughly hewn altar of Beogh.
  9300 | D:9      | XOM: give mutations
  9300 | D:9      | Lost mutation: You have a somewhat thin skeletal structure.
                  | (Dex +2, Stealth+) [Xom's mischief]
  9300 | D:9      | Gained mutation: You have an increased reservoir of magic.
                  | (+10% MP) [Xom's mischief]
  9300 | D:9      | Lost mutation: You have an increased reservoir of magic.
                  | (+10% MP) [Xom's mischief]
  9327 | D:10     | Entered Level 10 of the Dungeon
  9327 | D:10     | Noticed a two-headed ogre
  9332 | D:10     | Killed a two-headed ogre
  9332 | D:10     | XOM: polymorph steam dragon -> giant cockroach
  9371 | D:10     | XOM: draining
  9444 | D:10     | Reached XP level 11. HP: 85/85 MP: 13/13
  9499 | D:10     | Found a roughly hewn altar of Beogh.
  9499 | D:10     | Found a staircase to the Orcish Mines.
  9678 | D:10     | XOM: potion effect (might)
  9950 | D:10     | XOM: god gift: 2 potions of heal wounds
  9973 | D:11     | XOM: 2-stop teleportation journey
  9977 | D:11     | Noticed an oklob plant
  9981 | D:11     | Noticed an oklob plant
  9983 | D:11     | Found a staircase to the Lair.
  9997 | D:11     | Noticed an oklob plant
 10009 | D:11     | XOM: 2-stop teleportation journey
 10018 | D:11     | Killed an oklob plant
 10022 | D:11     | Killed an oklob plant
 10022 | D:11     | Killed an oklob plant
 10134 | D:11     | Noticed a two-headed ogre
 10141 | D:11     | Killed a two-headed ogre
 10170 | D:11     | XOM: 1-stop teleportation journey
 10213 | D:11     | Noticed a cyan ugly thing
 10219 | D:11     | XOM: cast spell 'Animate Armour'
 10222 | D:11     | Slain by a cyan ugly thing

Illustrated notes

Levels and vault maps discovered:
D:1:      scummos_arrival_simple_fountains, layout_basic
D:2:      layout_basic, ebering_ecumenical_altar_box, serial_shops, shop
D:3:      layout_basic, mainiacjoe_overflow_small_starburst, elyvilon_altar_4,
          gammafunk_ghost_icy
D:4:      old_forge, layout_basic, minmay_temple_entry_glassed_door,
          minmay_misc_feat_secret_circle, hangedman_abyss_or_decor_slice,
          minmay_misc_feat_enclosed, serial_library_hellmonk_metal_room
D:5:      layout_rooms, gammafunk_ghost_nasty_kobolds, serial_shops, shop,
          nicolae_shop_vocational
D:6:      layout_gridville, kennysheep_mini, serial_shops,
          nicolae_stop_n_shop_2, enter_ossuary_4
D:7:      layout_basic, uniq_menkaure
D:8:      layout_cave_pools, okawaru_ov_weapons_minmay,
          nicolae_ru_the_path_less_chosen, serial_demonic, serial_demonic_a,
          serial_demonic_b, serial_demonic_c, serial_demonic_a,
          serial_demonic_g, serial_demonic_f, serial_demonic_g,
          serial_demonic_d, serial_demonic_d, serial_demonic_b,
          dreamdust_princess_corridor, the_hattery, uniq_pikel
D:9:      layout_roguey, minitemple, biasface_ghost_orc_armoury
D:10:     layout_rooms, david_orc_5
D:11:     layout_loops_cross, dpeg_oklobed_lair, kennysheep_windowed_goal
Temple:   dshaligram_water_room_temple

Skill      XL: |  1  2  3  4  5  6  7  8  9 10 11 |
---------------+----------------------------------+-----
Dodging        | 1 2 3 4 5 |  5.8
Armour         | 2 3 4 5 6 |  6.2
Polearms       | 1 2 |  2.1
Stealth        | 1 |  1.7
Spellcasting   | 1 |  1.7
Fighting       | 4 5 7 8 |  8.9
Axes           | 4 5 6 7 |  7.2
Evocations     | 1 2 4 5 6 7 |  7.5
Maces & Flails | 1 |  1.0
Long Blades    | 3 5 6 7 |  7.4
Alchemy        | 2 3 |  3.4

Action                     |  1- 3 |  4- 6 |  7- 9 | 10-12 || total
---------------------------+-------+-------+-------+-------++-------
  Melee: Hand axe          |    48 |   131 |   187 |    94 ||   460
         Dagger            |     8 |       |       |       ||     8
         Short sword       |    30 |   135 |    84 |       ||   249
         Double sword      |       |       |   140 |   110 ||   250
  Evoke: Wand              |       |       |       |     4 ||     4
    Use: Potion            |     2 |       |     6 |     6 ||    14
         Scroll            |     1 |     5 |     9 |     7 ||    22
   Stab: Sleeping          |     1 |     6 |     8 |     1 ||    16
         Held in net/web   |     1 |       |       |       ||     1
         Paralysed         |       |     9 |       |     5 ||    14
         Petrifying        |       |     1 |     2 |       ||     3
         Confused          |       |     1 |     1 |       ||     2
         Petrified         |       |       |     1 |       ||     1
         Invisible         |       |       |     1 |       ||     1
 Armour: Leather armour    |    21 |    58 |       |       ||    79
         Ring mail         |       |     9 |   155 |   104 ||   268
  Dodge: Dodged            |    37 |    63 |   156 |    82 ||   338

Table legend: (Time is in decaauts)
 A = Elapsed time spent in this place.
 B = Non-inter-level travel time spent in this place.
 C = Inter-level travel time spent in this place.
 D = Time resting spent in this place.
 E = Time spent auto-exploring this place.
 F = Levels seen in this place.
 G = Mean time per level.
                   A        B        C        D        E       F      G
               +--------+--------+--------+--------+--------+-----+--------+
         Total |  10264 |   9885 |    379 |    522 |   6977 |  13 |  789.5 |
       Dungeon |   9923 |   9544 |    379 |    522 |   6868 |  11 |  902.1 |
        Temple |      1 |      1 |      0 |      0 |      0 |   1 |    1.0 |
       Ossuary |    338 |    338 |      0 |      0 |    109 |   1 |  338.0 |
               +--------+--------+--------+--------+--------+-----+--------+

Top non-repeatable levels by time:
     D:6: 1530 daAuts
     D:4: 1520 daAuts
     D:3: 969 daAuts
     D:1: 932 daAuts
     D:2: 873 daAuts
     D:7: 866 daAuts
     D:8: 842 daAuts
     D:5: 762 daAuts
     D:9: 723 daAuts
    D:10: 657 daAuts
 Ossuary: 338 daAuts
    D:11: 246 daAuts
  Temple: 1 daAuts
